AoeStats
← CodyTheSec

Arabia

504439208Analyzed
2v2 RM · 26d ago on Sep 5, 2026· 55m 38s· 4 players
Game mode
Random Map
Map size
Medium (4 player)
Population
200
Speed
Normal
Resources
Standard
Victory
Conquest
Starting age
Dark Age
Ending age
Imperial Age
RankedLock teamsTeams togetherTeam positionsShared explorationLock speedFull tech treeHidden civsTurbo modeCheats
Victory
Defeat
🇹🇭 Huns · Thailand
893
+15
🇹🇭 Teutons · Thailand
787
+19
🇸🇪 Maya · Sweden
986
-22
🇸🇪 Mongols · Sweden
744
-30
CodyTheSec
10:21 Feudal Age
11:02 Loom
14:17 Double-Bit Axe
18:02 Castle Age
16:17 Horse Collar
19:45 Wheelbarrow
19:24 Bow Saw
23:38 Forging
23:36 Squires
32:32 Heavy Plow
32:43 Town Watch
33:19 Hand Cart
33:53 Masonry
36:58 Stone Mining
37:02 Gold Mining
40:47 Imperial Age
39:12 Stone Shaft Mining
40:30 Ballistics
41:49 Fletching
43:11 Chemistry
43:31 Onager
44:19 Siege Engineers
44:51 Conscription
45:08 Bodkin Arrow
46:19 Elite Teutonic Knight
48:11 Crenellations
48:02 Scale Mail Armor
51:54 Ironclad
51:00 Siege Onager
52:44 Iron Casting
52:24 Chain Mail Armor
Zozimbo
0:29 Loom
13:01 Feudal Age
17:13 Castle Age
43:36 Scale Barding Armor
52:05 Forging
RobinCop
5:17 Loom
9:38 Feudal Age
14:03 Fletching
33:14 Castle Age
33:17 Crossbowman
34:04 Thumb Ring
34:03 Padded Archer Armor
jeppekrigaregaming
8:22 Loom
10:50 Feudal Age
11:27 Double-Bit Axe
12:10 Horse Collar
15:04 Gold Mining
18:36 Wheelbarrow
22:28 Castle Age
21:45 Padded Archer Armor
21:36 Fletching
21:58 Forging
23:39 Bodkin Arrow
24:29 Hand Cart
25:27 Leather Archer Armor
25:06 Pikeman
28:34 Thumb Ring
29:24 Bow Saw
31:12 Iron Casting
41:11 Town Watch
50:56 Imperial Age
57:07 Imperial Age
Connection lost

Rejoining the realm…

Still unreachable

The connection could not be restored.

Session expired

The server has moved on; the page needs a fresh start.